 Dungeon Crawl Stone Soup version 0.29-a0-369-gd956c00756 (webtiles) character file.

Game seed: 1931345792601427831

79 AlmostDecent the Conjurer (level 4, -3/32 HPs)
             Began as a Gnoll Conjurer on May 1, 2022.
             Slain by an orc
             ... wielding a +0 short sword of speed
              (5 damage)
             ... on level 3 of the Dungeon.
             The game lasted 00:05:53 (2120 turns).

AlmostDecent the Conjurer (Gnoll Conjurer)          Turns: 2120, Time: 00:05:54

Health: -3/32      AC:  2    Str:  6    XL:     4   Next: 37%
Magic:  2/11       EV: 13    Int: 20    God:
Gold:   181        SH:  0    Dex: 10    Spells: 10/13 levels left

rFire   . . .      SeeInvis .     - Unarmed
rCold   + . .      Faith    .   (no shield)
rNeg    . . .      Spirit   .   a - +0 robe
rPois   .          Reflect  .   (no helmet)
rElec   .          Harm     .   (no cloak)
rCorr   +          Rampage  .   (no gloves)
Will    .....                   (no boots)
Stlth   ++........              (no amulet)
HPRegen 0.10/turn               c - ring of resist corrosion
MPRegen 0.12/turn               m - ring of protection from cold

@: no status effects
A: fangs 1, strong nose, distributed training
a: no special abilities


You were on level 3 of the Dungeon.
You visited 1 branch of the dungeon, and saw 3 of its levels.

You collected 181 gold pieces.

Inventory:

Armour
 a - a +0 robe (worn)
Jewellery
 c - a ring of resist corrosion (left hand)
 m - a ring of protection from cold (right hand)
Scrolls
 f - 2 scrolls of teleportation {unknown}
 i - a scroll of enchant armour {unknown}
 j - 3 scrolls of fear {unknown}
 k - a scroll of identify {unknown}
 n - 2 scrolls of amnesia {unknown}
 o - a scroll of holy word {unknown}
Potions
 b - a potion of magic
 d - 3 potions of heal wounds {unknown}
 e - a potion of haste {unknown}
 g - a potion of degeneration {unknown}
 h - 2 potions of lignification {unknown}
 l - a potion of attraction {unknown}


   Skills:
 + Level 1.1 Fighting
 + Level 1.1 Short Blades
 + Level 1.1 Long Blades
 + Level 1.1 Axes
 + Level 1.1 Maces & Flails
 + Level 1.1 Polearms
 + Level 1.1 Staves
 + Level 1.1 Slings
 + Level 1.1 Bows
 + Level 1.1 Crossbows
 + Level 1.1 Throwing
 + Level 1.1 Armour
 + Level 4.6 Dodging
 + Level 4.2 Stealth
 + Level 1.1 Shields
 + Level 1.1 Unarmed Combat
 + Level 5.0 Spellcasting
 + Level 7.1 Conjurations
 + Level 0.8 Hexes
 + Level 0.8 Summonings
 + Level 0.8 Necromancy
 + Level 0.8 Translocations
 + Level 0.8 Transmutations
 + Level 0.8 Fire Magic
 + Level 0.8 Ice Magic
 + Level 0.8 Air Magic
 + Level 0.8 Earth Magic
 + Level 0.8 Poison Magic
 + Level 1.2 Invocations
 + Level 1.1 Evocations


You had 10 spell levels left.
You knew the following spells:

 Your Spells              Type           Power      Damage    Failure   Level
a - Magic Dart            Conj           100%       1d8       1%          1
b - Searing Ray           Conj           66%        2d6       1%          2

Your spell library contained the following spells:

 Spells                   Type           Power      Damage    Failure   Level
 Dazzling Flash           Conj/Hex       42%        N/A       7%          3
 Beastly Appendage        Tmut           16%        N/A       9%          1
 Wereblood                Tmut           8%         N/A       12%         2
 Fulminant Prism          Conj/Hex       10%        3d9       22%         4
 Iskenderun's Mystic Bla  Conj/Tloc      21%        2d6       22%         4
 Spider Form              Tmut/Pois      8%         N/A       24%         3


Dungeon Overview and Level Annotations

Branches:
Dungeon (3/15)

Altars:


Innate Abilities, Weirdness & Mutations

You have very sharp teeth.
Your uncanny sense of smell can sniff out nearby items.
Your experience applies equally to all skills.


Message History

Attack: -) Nothing wielded
Press: ? - help, Dir - move target, f/p - orc
Aim: an orc, wielding a +0 short sword of speed and wearing a +0 ring mail (heavily wounded, about 42% to evade your hands)
You closely miss the orc. You bite the orc, but do no damage.
The orc is heavily wounded.
The orc hits you but does no damage. x2
Attack: -) Nothing wielded
Press: ? - help, Dir - move target, f/p - orc
Aim: an orc, wielding a +0 short sword of speed and wearing a +0 ring mail (heavily wounded, about 42% to evade your hands)
You hit the orc.
The orc is severely wounded.
The orc hits you with a +0 short sword of speed.
* * * LOW HITPOINT WARNING * * *
Attack: -) Nothing wielded
Press: ? - help, Dir - move target, f/p - orc
Aim: an orc, wielding a +0 short sword of speed and wearing a +0 ring mail (severely wounded, about 42% to evade your hands)
You hit the orc.
The orc is almost dead.
The orc completely misses you.
Attack: -) Nothing wielded
Press: ? - help, Dir - move target, f/p - orc
Aim: an orc, wielding a +0 short sword of speed and wearing a +0 ring mail (almost dead, about 42% to evade your hands)
You closely miss the orc.
The orc is almost dead.
The orc hits you with a +0 short sword of speed.
* * * LOW HITPOINT WARNING * * *
The orc misses you.
Attack: -) Nothing wielded
Press: ? - help, Dir - move target, f/p - orc
Aim: an orc, wielding a +0 short sword of speed and wearing a +0 ring mail (almost dead, about 42% to evade your hands)
You closely miss the orc.
The orc is almost dead.
The orc closely misses you.
Attack: -) Nothing wielded
Press: ? - help, Dir - move target, f/p - orc
Aim: an orc, wielding a +0 short sword of speed and wearing a +0 ring mail (almost dead, about 42% to evade your hands)
You hit the orc but do no damage.
The orc is almost dead.
The orc hits you with a +0 short sword of speed.
You die...

#...#.##......#$(?#.
#...#.##......#!=)#. #
#...#.##......#####.
#.##.##.######........
#.......# #........
####.#### #.###.###
#.# #.###.### #.######
#.#...†). #.@o...#
#.#.#.#..
######.####...).# #
#........###
##########


You could see an orc.

Vanquished Creatures
  2 adders
  3 dart slugs
  3 orcs (D:3)
  8 bats (D:1)
  4 endoplasms
  6 giant cockroaches
  3 goblins
  4 hobgoblins
  A quokka (D:2)
  4 ball pythons
  A frilled lizard (D:2)
  3 kobolds (D:1)
  6 rats
48 creatures vanquished.

Notes
Turn   | Place    | Note
-------+----------+-------------------------------------------
     0 | D:1      | AlmostDecent the Gnoll Conjurer began the quest for the
                  | Orb.
     0 | D:1      | Reached XP level 1. HP: 13/13 MP: 6/6
   125 | D:1      | Reached XP level 2. HP: 19/19 MP: 2/7
   242 | D:1      | Found a faded altar of an unknown god.
   631 | D:1      | Reached XP level 3. HP: 25/25 MP: 7/9
   692 | D:1      | Reached skill level 5 in Spellcasting
   707 | D:1      | Learned a level 2 spell: Searing Ray
  1031 | D:2      | Reached skill level 1 in Invocations
  1407 | D:2      | Reached skill level 1 in Fighting
  1407 | D:2      | Reached skill level 1 in Short Blades
  1407 | D:2      | Reached skill level 1 in Long Blades
  1407 | D:2      | Reached skill level 1 in Axes
  1407 | D:2      | Reached skill level 1 in Maces & Flails
  1407 | D:2      | Reached skill level 1 in Polearms
  1407 | D:2      | Reached skill level 1 in Staves
  1407 | D:2      | Reached skill level 1 in Slings
  1407 | D:2      | Reached skill level 1 in Bows
  1407 | D:2      | Reached skill level 1 in Crossbows
  1407 | D:2      | Reached skill level 1 in Throwing
  1407 | D:2      | Reached skill level 1 in Armour
  1407 | D:2      | Reached skill level 1 in Shields
  1407 | D:2      | Reached skill level 1 in Unarmed Combat
  1407 | D:2      | Reached skill level 1 in Evocations
  1515 | D:2      | Reached XP level 4. HP: 32/32 MP: 7/11
  2120 | D:3      | Slain by an orc

Illustrated notes

Levels and vault maps discovered:
D:1:      minmay_arrival_semitransparent, layout_rooms,
          shapermc_ecumenical_altar_petra, minmay_door_square
D:2:      layout_loops_cross, minmay_quadrilaterals
D:3:      layout_loops_cross, serial_shops, nicolae_shop_advertising_works
          [nicolae_subvault_shop_adworks], serial_glass, glass_columns_c,
          glass_columns_b, due_unseen_surprise, st_stairs_7

Skill      XL: |  1  2  3 |
---------------+----------+-----
Spellcasting   | 5 |  5.0
Invocations    | 1 |  1.2
Fighting       | 1 |  1.1
Short Blades   | 1 |  1.1
Long Blades    | 1 |  1.1
Axes           | 1 |  1.1
Maces & Flails | 1 |  1.1
Polearms       | 1 |  1.1
Staves         | 1 |  1.1
Slings         | 1 |  1.1
Bows           | 1 |  1.1
Crossbows      | 1 |  1.1
Throwing       | 1 |  1.1
Armour         | 1 |  1.1
Shields        | 1 |  1.1
Unarmed Combat | 1 |  1.1
Evocations     | 1 |  1.1
Dodging        | |  4.6
Stealth        | |  4.2
Conjurations   | |  7.1
Hexes          | |  0.8
Summonings     | |  0.8
Necromancy     | |  0.8
Translocations | |  0.8
Transmutations | |  0.8
Fire Magic     | |  0.8
Ice Magic      | |  0.8
Air Magic      | |  0.8
Earth Magic    | |  0.8
Poison Magic   | |  0.8

Action                   |  1- 3 |  4- 6 || total
-------------------------+-------+-------++-------
Melee: Unarmed           |       |     8 ||     8
       Bite              |       |     1 ||     1
 Cast: Magic Dart        |    70 |    25 ||    95
Armor: Robe              |       |     3 ||     3
Dodge: Dodged            |     2 |    14 ||    16

Table legend: (Time is in decaauts)
 A = Elapsed time spent in this place.
 B = Non-inter-level travel time spent in this place.
 C = Inter-level travel time spent in this place.
 D = Time resting spent in this place.
 E = Time spent auto-exploring this place.
 F = Levels seen in this place.
 G = Mean time per level.
                   A        B        C        D        E       F      G
               +--------+--------+--------+--------+--------+-----+--------+
         Total |   2118 |   2079 |     39 |      0 |   1864 |   3 |  706.0 |
       Dungeon |   2118 |   2079 |     39 |      0 |   1864 |   3 |  706.0 |
               +--------+--------+--------+--------+--------+-----+--------+

Top non-repeatable levels by time:
     D:1: 936 daAuts
     D:2: 856 daAuts
     D:3: 325 daAuts
